 Dungeon Crawl Stone Soup version 0.29.1-15-g9cfb28693d (webtiles) character file.

Game seed: 2475492272642799825

1592 hawla the Arsonist (level 9, -10/62 (64) HPs)
             Began as a Meteoran Fire Elementalist on Feb 21, 2023.
             Was an Initiate of Vehumet.
             Mangled by a wight
             ... wielding a +4 long sword
              (12 damage)
             ... on level 8 of the Dungeon.
             The game lasted 00:06:56 (1246 turns).

hawla the Arsonist (Meteoran Fire Elementalist)     Turns: 1246, Time: 00:06:58

HP:   -10/62 (64)   AC:  4    Str: 12    XL:     9   Next: 37%
MP:   1/21          EV: 13    Int: 20    God:    Vehumet [......]
Gold: 130           SH:  0    Dex: 16    Spells: 16/23 levels left

rFire   . . .      SeeInvis .   m - +10 long sword of Exchange {vorpal, rC+ Str+2}
rCold   + . .      Faith    .   (no shield)
rNeg    . . .      Spirit   .   a - +0 robe
rPois   .          Reflect  .   (no helmet)
rElec   .          Harm     .   j - +0 cloak
rCorr   .          Rampage  .   d - +0 pair of gloves
Will    +....                   (no boots)
Stlth   +.........              (no amulet)
HPRegen 0.20/turn               (no ring)
MPRegen 0.17/turn               (no ring)

@: slowed, glowing, lightly drained, very slow
A: sense surroundings 2, otherworldly, glowing, explore regen
a: Renounce Religion


You were on level 8 of the Dungeon.
You worshipped Vehumet.
Vehumet was noncommittal.
You visited 2 branches of the dungeon, and saw 7 of its levels.

You collected 130 gold pieces.

Inventory:

Hand Weapons
 m - the +10 long sword of Exchange (weapon) {vorpal, rC+ Str+2}
   (You found it on level 7 of the Dungeon)

   It inflicts extra damage upon your enemies.
   Str:       It affects your strength (+2).
   rC:        It protects you from cold.
 p - the +9 rapier of the Chickpea {venom, Str+2}
   (You took it off a wight on level 8 of the Dungeon)

   It poisons the flesh of those it strikes.
   Str:       It affects your strength (+2).
Armour
 a - a +0 robe (worn)
 d - a +0 pair of gloves (worn)
 j - a +0 cloak (worn)
Wands
 f - a wand of iceblast (8) (quivered)
 l - a wand of paralysis (25)
Scrolls
 b - a scroll of enchant weapon {unknown}
 e - a scroll of fear
 h - a scroll of silence {unknown}
 i - a scroll of blinking {unknown}
 k - 2 scrolls of amnesia
 o - a scroll of teleportation
Potions
 c - 2 potions of heal wounds
 g - a potion of flight {unknown}
 n - a potion of mutation {unknown}


   Skills:
 + Level 1.1 Fighting
 + Level 3.6 Dodging
 - Level 1.4 Stealth
 + Level 7.8 Spellcasting
 + Level 6.3 Conjurations
 + Level 8.2 Fire Magic
 + Level 3.0 Evocations


You had 16 spell levels left.
You knew the following spells:

 Your Spells              Type           Power      Damage    Failure   Level
a - Foxfire               Conj/Fire      100%       2x1d9     1%          1
b - Scorch                Fire           82%        2d9       1%          2
c - Flame Wave            Conj/Fire      37%        2d10      4%          4

Your spell library contained the following spells:

 Spells                   Type           Power      Damage    Failure   Level
 Conjure Flame            Conj/Fire      37%        6-21      1%          3
 Inner Flame              Hex/Fire       24%        N/A       4%          3


Dungeon Overview and Level Annotations

Branches:
Dungeon (8/15) Zot: 2419   Temple (1/1) D:7 Zot: 530
   Lair: D:8-11

Altars:
Ashenzari
Cheibriados
Dithmenos
Elyvilon
Fedhas
Gozag
Hepliaklqana
Makhleb
Nemelex Xobeh
Okawaru
Qazlal
Ru
Sif Muna
Trog
Vehumet
Wu Jian
Yredelemnul
Zin
The Shining One


Innate Abilities, Weirdness & Mutations

You passively map the area around you.
You are easily found by Zot.
You glow in the dark.
You regain HP and MP as you explore.


Message History

An orc comes into view. It is wielding a +0 whip.
The orc barely misses you.
The orc hits your foxfire with a +0 hand axe.
The +9 rapier of the Chickpea {venom, Str+2} stops dripping with poison.
You feel stronger.
m - the +10 long sword of Exchange (weapon)
{vorpal, rC+ Str+2} The foxfire hits the orc.
The orc is almost dead.
The foxfire hits the hornet!
The hornet is heavily wounded.
Casting: Foxfire (safe; 1% risk of failure)
Confirm with . or Enter, or press ? or * to list all spells.
Flames lash the orc.
You kill the orc!
Vehumet accepts your kill. The hornet barely misses you.
An orc comes into view. It is wielding a +0 hand axe.
A wight comes into view.
It is wielding a +4 dire flail of freezing.
The hornet stings you!
You suddenly lose the ability to move!
The hornet stings you!
* * * LOW HITPOINT WARNING * * *
You feel yourself slow down.
You can move again.
You feel much better. The hornet misses you. The hornet completely misses you.
The orc hits you with a +0 hand axe. The hornet completely misses you.
The orc hits you but does no damage.
An orc comes into view. It is wielding a +0 mace.
The hornet attacks as you move away! The hornet stings you.
You suddenly lose the ability to move!
The orc hits you but does no damage. The hornet completely misses you.
You can move again.
There is a stone staircase leading up here.
You feel yourself speed up. The hornet stings you!
* * * LOW HITPOINT WARNING * * *
You feel yourself slow down. The orc closely misses you. The hornet stings you!
* * * LOW HITPOINT WARNING * * *
You feel as though you will be slow longer.
The wight hits you with a +4 long sword!
You die...

* * .(......#
,
##...........#
,
#..........###
, #.........<#
**
#.##.......# ,
, #.##.####..#
,, *
#.#######.. *
, ,,,,
#.z.z...... *
,, #@y####....
, , **
<.#####o# , .
, , ......oo#
,* , #...§)..#
, , ,
#..§.)...,, *
,*, #.........
* , , , ,
.....>.##.! ,,
, ....)). ...
, * , .......*
.... **


You could see a hornet, 2 wights and 2 orcs.

Vanquished Creatures
  Prince Ribbit (D:8)
  3 yaks (D:8)
  A sky beast (D:7)
  A black bear (D:8)
  A phantom (D:7)
  3 bullfrogs
  A kobold brigand (D:7)
  A necrophage (D:7)
  2 wights (D:8)
  3 killer bees (D:8)
  A jelly (D:3)
  2 orc wizards (D:8)
  3 adders
  A white imp (D:7)
  4 orcs
  2 bats
  3 endoplasms
  A giant cockroach (D:2)
  A goblin (D:3)
  A hobgoblin (D:3)
  A ball python (D:4)
  A frilled lizard (D:3)
  11 kobolds
  A rat (D:3)
50 creatures vanquished.

Vanquished Creatures (others)
  87 foxfires
87 creatures vanquished.

Grand Total: 137 creatures vanquished

Notes
Turn   | Place    | Note
-------+----------+-------------------------------------------
     0 | D:1      | hawla the Meteoran Fire Elementalist began the quest for
                  | the Orb.
     0 | D:1      | Reached XP level 1. HP: 14/14 MP: 5/5
    91 | D:2      | Reached XP level 2. HP: 20/20 MP: 4/7
    94 | D:2      | Learned a level 2 spell: Scorch
   132 | D:2      | Reached skill level 4 in Fire Magic
   162 | D:2      | Reached XP level 3. HP: 26/26 MP: 2/8
   326 | D:3      | Reached XP level 4. HP: 16/33 MP: 5/10
   331 | D:3      | Learned a level 4 spell: Flame Wave
   348 | D:3      | Found a faded altar of an unknown god.
   509 | D:4      | You fall into a shaft and drop 3 floors!
   536 | D:7      | Noticed a bullfrog
   537 | D:7      | Noticed a phantom
   541 | D:7      | Killed a bullfrog
   542 | D:7      | Reached XP level 5. HP: 36/38 MP: 4/11
   548 | D:7      | Killed a phantom
   549 | D:7      | Reached skill level 5 in Fire Magic
   549 | D:7      | Reached XP level 6. HP: 40/45 MP: 0/13
   610 | D:7      | Noticed a sky beast
   618 | D:7      | Killed a sky beast
   619 | D:7      | Reached XP level 7. HP: 41/50 MP: 3/14
   734 | D:7      | Reached skill level 5 in Conjurations
   738 | D:7      | Identified the +10 long sword of Exchange {vorpal, rC+
                  | Str+2}
   967 | D:7      | Found a staircase to the Ecumenical Temple.
   976 | Temple   | Entered the Ecumenical Temple
  1024 | Temple   | Became a worshipper of Vehumet
  1077 | D:8      | Noticed Prince Ribbit
  1081 | D:8      | Reached skill level 5 in Spellcasting
  1086 | D:8      | Reached skill level 6 in Fire Magic
  1086 | D:8      | Reached XP level 8. HP: 57/58 MP: 1/16
  1089 | D:8      | Killed Prince Ribbit
  1130 | D:8      | Noticed a yak
  1130 | D:8      | Noticed a yak
  1131 | D:8      | Noticed a yak
  1141 | D:8      | Killed a yak
  1141 | D:8      | Killed a yak
  1141 | D:8      | Killed a yak
  1142 | D:8      | Reached skill level 1 in Fighting
  1142 | D:8      | Reached skill level 7 in Fire Magic
  1142 | D:8      | Gained mutation: You passively map the area around you.
                  | [Meteoran growth]
  1142 | D:8      | Reached XP level 9. HP: 22/64 MP: 3/20
  1144 | D:8      | Identified the +9 rapier of the Chickpea {venom, Str+2}
  1221 | D:8      | Noticed a hornet
  1225 | D:8      | Reached skill level 8 in Fire Magic
  1242 | D:8      | Paralysed by a hornet for 2 turns
  1245 | D:8      | Paralysed by a hornet for 1 turns
  1246 | D:8      | HP: 2/62 [hornet (12)]
  1246 | D:8      | Mangled by a wight

Illustrated notes

Levels and vault maps discovered:
D:1:      dpeg_arrival_round_b, layout_loops_corners,
          chequers_serial_rivers_small_3
D:2:      layout_loops_ring
D:3:      layout_rooms, nicolae_overflow_hidden_temple,
          hellmonk_ecumenical_altar_lost_god, hangedman_decor_diamond_cutter,
          minmay_strange_pillars
D:4:      layout_loops_ring, kennysheep_path_1, uniq_eustachio
D:7:      cheibrodos_quashed, layout_loops_ring, minmay_temple_entry_mist,
          chequers_garden
D:8:      layout_basic, uniq_prince_ribbit1
Temple:   hellmonk_temple_of_storms

Skill      XL: |  1  2  3  4  5  6  7  8  9 |
---------------+----------------------------+-----
Spellcasting   | 3 4 5 7 |  7.8
Fire Magic     | 4 5 6 7 8 |  8.2
Conjurations   | 3 4 5 6 |  6.3
Evocations     | 3 |  3.0
Dodging        | 3 |  3.6
Fighting       | 1 |  1.1
Stealth        | |  1.4

Action                   |  1- 3 |  4- 6 |  7- 9 || total
-------------------------+-------+-------+-------++-------
Melee: Unarmed           |     5 |    10 |       ||    15
       Long sword        |       |       |     2 ||     2
       Rapier            |       |       |     5 ||     5
 Cast: Foxfire           |    22 |    15 |    13 ||    50
       Scorch            |     4 |    12 |    15 ||    31
       Flame Wave        |       |       |     5 ||     5
  Use: Scroll            |       |     5 |       ||     5
       Potion            |       |     1 |     1 ||     2
Armor: Robe              |     5 |     7 |    10 ||    22
Dodge: Dodged            |     4 |    24 |    24 ||    52
